Checkers vs Phantoms

Created - Friday, February 05, 2016 at 02:28

Goals
1 2 3 T
Checkers 1 2 1 4
Phantoms 0 1 0 1
Shots
1 2 3 T
Checkers 4 14 8 26
Phantoms 9 12 9 30

1st period

1. Checkers , Michael Bournival 19 (Alexey Marchenko, Brandon Mashinter) at 1:19 (PP)

Penalties :
Tom Sestito (LEH) for Hooking (Minor) at 0:54, Chris Neil (LEH) for Fighting (Major) at 5:08, Triston Grant (CHA) for Fighting (Major) at 5:08

2nd period

2. Checkers , Alexey Marchenko 10 (Michael Bournival, Ben Chiarot) at 11:04
3. Checkers , Petteri Lindbohm 11 (Andrew Gordon, Michael Bournival) at 15:23 (PP)
4. Phantoms , Garrett Wilson 6 (Byron Froese, Erik Burgdoerfer) at 18:17

Penalties :
Brandon Mashinter (CHA) for Hooking (Minor) at 3:28, Stephen Johns (LEH) for Fighting (Major) at 8:33, Triston Grant (CHA) for Fighting (Major) at 8:33, Erik Burgdoerfer (LEH) for Holding Stick (Minor) at 13:27, Petteri Lindbohm (CHA) for Interference (Minor) at 19:51

3rd period

5. Checkers , Peter Harrold 12 (Michael Bournival, Petteri Lindbohm) at 5:30 (PP)

Penalties :
Chris Neil (LEH) for Hooking (Minor) at 5:12, Petteri Lindbohm (CHA) for Interference (Minor) at 8:15

Goalie Stats

Drew MacIntyre (CHA), 29 saves from 30 shots - (0.967), W, 36-9-13, 60:00 minutes
Marek Mazanec (LEH), 22 saves from 26 shots - (0.846), L, 28-12-14, 60:00 minutes

Players Stats for Checkers

Player Name              G  A  P  +/- PIM S  H  SB GA TA FO     MP     PP MP  PK MP  
------------------------------------------------------------------------------------
Aaron Ness               0  0  0  -1  0   2  3  2  0  0  0/0    18:50   0:00   2:25 
Alexey Marchenko         1  1  2   1  0   5  1  0  1  1  0/0    19:08   1:40   0:00 
Andrew Ebbett            0  0  0   0  0   1  1  1  1  0  5/9    15:26   0:47   0:00 
Andrew Gordon            0  1  1   0  0   1  1  2  1  0  0/0    15:11   1:52   0:00 
Ben Chiarot              0  1  1   1  0   0  1  2  3  0  0/0    21:33   1:40   1:33 
Brandon Mashinter        0  1  1   0  2   0  1  0  0  2  0/0    15:37   1:52   0:00 
Domenic Monardo          0  0  0   0  0   0  2  0  0  0  2/10   16:11   0:00   2:22 
Jason Chimera            0  0  0   0  0   4  2  0  6  1  0/1    14:57   0:47   0:00 
Jim O'Brien              0  0  0   0  0   0  1  0  0  0  0/1    14:04   0:47   0:00 
Josh Gratton             0  0  0   0  0   1  1  0  0  0  0/1    10:07   0:00   0:00 
Julien Brouillette       0  0  0  -1  0   0  0  1  0  1  0/0    18:50   0:00   2:25 
Michael Bournival        1  3  4   0  0   3  0  1  4  0  7/11   15:53   1:52   0:00 
Peter Harrold            1  0  1   0  0   3  0  2  0  2  0/0    22:02   0:59   3:32 
Petteri Lindbohm         1  1  2   0  4   3  1  1  0  0  0/0    20:27   0:59   1:59 
Sean Backman             0  0  0   0  0   0  0  2  4  0  0/0    16:11   0:00   2:22 
Triston Grant            0  0  0   0  10  0  1  0  1  2  0/0    10:23   0:00   0:00 
Wacey Hamilton           0  0  0   0  0   1  2  0  0  0  8/11   14:34   0:00   3:35 
Willie Coetzee           0  0  0   0  0   2  1  0  0  0  1/1    14:34   0:00   3:35 

Players Stats for Phantoms

Player Name              G  A  P  +/- PIM S  H  SB GA TA FO     MP     PP MP  PK MP  
------------------------------------------------------------------------------------
Byron Froese             0  1  1   1  0   3  1  0  2  0  9/14   19:26   3:04   0:00 
Chris Langkow            0  0  0   0  0   1  0  0  0  0  5/19   18:40   2:53   0:00 
Chris Neil               0  0  0   0  7   4  0  0  1  0  0/2    20:59   2:37   1:20 
Cody Bass                0  0  0  -1  0   5  2  0  3  1  0/0    21:30   2:53   0:00 
Denver Manderson         0  0  0   0  0   0  0  0  0  0  0/0     1:52   0:00   0:00 
Deryk Engelland          0  0  0   0  0   3  5  0  4  4  0/0    25:38   3:19   1:44 
Erik Burgdoerfer         0  1  1   1  2   0  1  1  0  0  0/0    14:25   0:00   0:00 
Garrett Wilson           1  0  1   1  0   6  0  1  1  0  0/0    21:31   3:04   2:09 
Greg Zanon               0  0  0   0  0   1  1  0  0  0  0/0    21:16   3:19   1:44 
Jared Nightingale        0  0  0  -1  0   0  0  1  0  2  0/0    13:32   0:00   0:00 
Justin Mercier           0  0  0  -1  0   2  1  1  2  0  6/8    16:09   0:00   1:19 
Keegan Lowe              0  0  0   0  0   0  2  1  1  3  0/0    15:29   0:00   0:00 
Martin Gernat            0  0  0   0  0   0  0  2  0  0  0/0    17:17   2:38   0:55 
Mitch Moroz              0  0  0  -1  0   0  1  0  2  0  0/0    12:22   0:00   0:00 
Nathan Longpre           0  0  0   1  0   1  2  0  2  0  2/2    14:55   0:27   0:00 
Stephen Johns            0  0  0   0  5   2  0  4  1  1  0/0    21:32   2:38   1:06 
Steve McCarthy           0  0  0   0  0   0  0  0  0  0  0/0     0:00   0:00   0:00 
Tom Sestito              0  0  0   0  2   2  3  1  0  2  0/0    20:54   2:53   0:30 

3 Stars

1 - Michael Bournival (CHA)
2 - Drew MacIntyre (CHA)
3 - Alexey Marchenko (CHA)

Power Play

Checkers - 3 on 3 Attempt(s) - 100.00%
Phantoms - 0 on 3 Attempt(s) - 0.00%

Penalty Kill

Checkers - 3 on 3 Attempt(s) - 100.00% - Score 0 goal in Penalty Kill
Phantoms - 0 on 3 Attempt(s) - 0.00% - Score 0 goal in Penalty Kill

Team Stat

Checkers - Hits : 19 - Faceoff Wins : 23 - Blocked Shots : 14 - Penalty Minutes : 16
Phantoms - Hits : 19 - Faceoff Wins : 22 - Blocked Shots : 12 - Penalty Minutes : 16

Official

Referees : Unknown
Linesman : Unknown

Game Notes

Chris Neil and Triston Grant fight to a draw at 5:08 of 1st period
Triston Grant beats up Stephen Johns at 8:33 of 2nd period

Finance

Level 1 -- Attendance: 1641 (82.05%) -- Ticket Income $19,692
Level 2 -- Attendance: 711 (71.10%) -- Ticket Income $3,555
Total Attendance: 2352 (78.40%)
Total Ticket Income: $23,247
Other Income: $11,391
Total Income: $34,638

Checkers

5 vs 5 Forward 
   Center                   Left Wing                Right Wing               Time % Phy DF OF 
 1 Andrew Ebbett            Jason Chimera            Jim O'Brien              28     1   1  3  
 2 Michael Bournival        Brandon Mashinter        Andrew Gordon            27     1   1  3  
 3 Domenic Monardo          Triston Grant            Sean Backman             25     1   2  2  
 4 Wacey Hamilton           Josh Gratton             Willie Coetzee           20     1   2  2  

5 vs 5 Defense 
   Defense                  Defense                                           Time % Phy DF OF 
 1 Peter Harrold            Petteri Lindbohm                                  35     1   2  2  
 2 Ben Chiarot              Alexey Marchenko                                  35     1   2  2  
 3 Aaron Ness               Julien Brouillette                                30     1   2  2  
 4 Peter Harrold            Petteri Lindbohm                                  0      1   2  2  

PowerPlay Forward 
   Center                   Left Wing                Right Wing               Time % Phy DF OF 
 1 Andrew Ebbett            Jason Chimera            Jim O'Brien              50     0   1  4  
 2 Michael Bournival        Brandon Mashinter        Andrew Gordon            50     0   1  4  

PowerPlay Defense
   Defense                  Defense                                           Time % Phy DF OF 
 1 Peter Harrold            Petteri Lindbohm                                  50     0   1  4  
 2 Alexey Marchenko         Ben Chiarot                                       50     0   1  4  

Penalty Kill 4 Players Forward 
   Center                   Wing                     Time % Phy DF OF 
 1 Wacey Hamilton           Willie Coetzee           50     0   4  1  
 2 Domenic Monardo          Sean Backman             50     0   4  1  

Penalty Kill 4 Players Defense
   Defense                  Defense                  Time % Phy DF OF 
 1 Aaron Ness               Julien Brouillette       50     0   4  1  
 2 Peter Harrold            Petteri Lindbohm         50     0   4  1  

Penalty Kill - 3 Players Forward 
   Forward                                           Time % Phy DF OF 
 1 Wacey Hamilton                                    50     0   5  0  
 2 Domenic Monardo                                   50     0   5  0  

Penalty Kill - 3 Players Defense
   Defense                  Defense                  Time % Phy DF OF 
 1 Aaron Ness               Julien Brouillette       50     0   5  0  
 2 Peter Harrold            Petteri Lindbohm         50     0   5  0  

4 vs 4 Forward 
   Center                   Wing                     Time % Phy DF OF 
 1 Andrew Ebbett            Jason Chimera            50     1   2  2  
 2 Michael Bournival        Andrew Gordon            50     1   2  2  

4 vs 4 Defense
   Defense                  Defense                  Time % Phy DF OF 
 1 Peter Harrold            Petteri Lindbohm         50     1   2  2  
 2 Alexey Marchenko         Ben Chiarot              50     1   2  2  

Last Minutes Offensive
   Center                   Left Wing                Right Wing               Defense                  Defense                  
   Andrew Ebbett            Jason Chimera            Michael Bournival        Peter Harrold            Ben Chiarot              

Last Minutes Defensive
   Center                   Left Wing                Right Wing               Defense                  Defense                  
   Andrew Ebbett            Jason Chimera            Michael Bournival        Peter Harrold            Ben Chiarot              

Goaltenders
Starting : Drew MacIntyre           
Backup : FARM GOALIE13            

Extra Forwards
Normal : Andrew Ebbett, Jason Chimera, Michael Bournival - PP : Andrew Ebbett, Jason Chimera - PK : Andrew Ebbett
Extra Defensemen
Normal : Peter Harrold, Ben Chiarot, Petteri Lindbohm - PP : Peter Harrold - PK : Peter Harrold, Ben Chiarot
Penalty Shots
Andrew Ebbett, Jim O'Brien, Andrew Gordon, Brandon Mashinter, Domenic Monardo

Phantoms

5 vs 5 Forward 
   Center                   Left Wing                Right Wing               Time % Phy DF OF 
 1 Byron Froese             Garrett Wilson           Chris Neil               35     1   2  2  
 2 Chris Langkow            Tom Sestito              Cody Bass                30     1   2  2  
 3 Nathan Longpre           Chris Neil               Deryk Engelland          22     1   2  2  
 4 Justin Mercier           Mitch Moroz              Chris Neil               13     1   2  2  

5 vs 5 Defense 
   Defense                  Defense                                           Time % Phy DF OF 
 1 Deryk Engelland          Greg Zanon                                        35     1   2  2  
 2 Stephen Johns            Martin Gernat                                     30     1   2  2  
 3 Stephen Johns            Jared Nightingale                                 22     1   2  2  
 4 Keegan Lowe              Erik Burgdoerfer                                  13     1   2  2  

PowerPlay Forward 
   Center                   Left Wing                Right Wing               Time % Phy DF OF 
 1 Byron Froese             Garrett Wilson           Chris Neil               60     1   2  2  
 2 Chris Langkow            Tom Sestito              Cody Bass                40     1   2  2  

PowerPlay Defense
   Defense                  Defense                                           Time % Phy DF OF 
 1 Deryk Engelland          Greg Zanon                                        60     1   2  2  
 2 Stephen Johns            Martin Gernat                                     40     1   2  2  

Penalty Kill 4 Players Forward 
   Center                   Wing                     Time % Phy DF OF 
 1 Chris Neil               Garrett Wilson           60     1   2  2  
 2 Byron Froese             Tom Sestito              40     1   2  2  

Penalty Kill 4 Players Defense
   Defense                  Defense                  Time % Phy DF OF 
 1 Deryk Engelland          Greg Zanon               60     1   2  2  
 2 Stephen Johns            Martin Gernat            40     1   2  2  

Penalty Kill - 3 Players Forward 
   Forward                                           Time % Phy DF OF 
 1 Chris Neil                                        60     1   2  2  
 2 Garrett Wilson                                    40     1   2  2  

Penalty Kill - 3 Players Defense
   Defense                  Defense                  Time % Phy DF OF 
 1 Deryk Engelland          Greg Zanon               60     1   2  2  
 2 Keegan Lowe              Martin Gernat            40     1   2  2  

4 vs 4 Forward 
   Center                   Wing                     Time % Phy DF OF 
 1 Chris Neil               Garrett Wilson           60     1   2  2  
 2 Byron Froese             Tom Sestito              40     1   2  2  

4 vs 4 Defense
   Defense                  Defense                  Time % Phy DF OF 
 1 Deryk Engelland          Greg Zanon               60     1   2  2  
 2 Jared Nightingale        Martin Gernat            40     1   2  2  

Last Minutes Offensive
   Center                   Left Wing                Right Wing               Defense                  Defense                  
   Byron Froese             Garrett Wilson           Chris Neil               Deryk Engelland          Greg Zanon               

Last Minutes Defensive
   Center                   Left Wing                Right Wing               Defense                  Defense                  
   Byron Froese             Garrett Wilson           Chris Neil               Deryk Engelland          Greg Zanon               

Goaltenders
Starting : Marek Mazanec            
Backup : Laurent Brossoit         

Extra Forwards
Normal : Chris Neil, Nathan Longpre, Justin Mercier - PP : Deryk Engelland, Nathan Longpre - PK : Justin Mercier
Extra Defensemen
Normal : Stephen Johns, Jared Nightingale, Keegan Lowe - PP : Stephen Johns - PK : Jared Nightingale, Keegan Lowe
Penalty Shots
Deryk Engelland, Chris Neil, Tom Sestito, Garrett Wilson, Byron Froese

% Time on Ice - Checkers

Lines # - Real PCT - Wanted PCT - Time Play
Normal Forward
1 - 28% - 28% - 14:09
2 - 27% - 27% - 13:46
3 - 26% - 25% - 13:22
4 - 20% - 20% - 10:07
Normal Defense
1 - 32% - 35% - 16:33
2 - 36% - 35% - 18:26
3 - 32% - 30% - 16:25
4 - 0% - 0% - 0:00
PP Forward
1 - 30% - 50% - 0:47
2 - 70% - 50% - 1:52
PP Defense
1 - 37% - 50% - 0:59
2 - 63% - 50% - 1:40
PK Forward
1 - 60% - 50% - 3:35
2 - 40% - 50% - 2:22
PK Defense
1 - 41% - 50% - 2:25
2 - 59% - 50% - 3:32
PK3 Forward
1 - 0% - 50%
2 - 0% - 50%
PK3 Defense
1 - 0% - 50%
2 - 0% - 50%
44 Forward
1 - 0% - 50%
2 - 0% - 50%
44 Defense
1 - 0% - 50%
2 - 0% - 50%
Last Minute Offensive  - 0:00
Last Minute Defensive  - 0:00
Total
Forward - 60:00
Defense - 60:00

% Time on Ice - Phantoms

Lines # - Real PCT - Wanted PCT - Time Play
Normal Forward
1 - 30% - 35% - 15:16
2 - 31% - 30% - 15:47
3 - 16% - 22% - 7:59
4 - 24% - 13% - 12:22
Normal Defense
1 - 27% - 35% - 13:54
2 - 26% - 30% - 13:22
3 - 19% - 22% - 9:42
4 - 28% - 13% - 14:26
PP Forward
1 - 52% - 60% - 3:04
2 - 48% - 40% - 2:53
PP Defense
1 - 56% - 60% - 3:19
2 - 44% - 40% - 2:38
PK Forward
1 - 100% - 60% - 2:39
2 - 0% - 40% - 0:00
PK Defense
1 - 65% - 60% - 1:44
2 - 35% - 40% - 0:55
PK3 Forward
1 - 0% - 60%
2 - 0% - 40%
PK3 Defense
1 - 0% - 60%
2 - 0% - 40%
44 Forward
1 - 0% - 60%
2 - 0% - 40%
44 Defense
1 - 0% - 60%
2 - 0% - 40%
Last Minute Offensive  - 0:00
Last Minute Defensive  - 0:00
Total
Forward - 60:00
Defense - 60:00

Play by Play

1st period


0:01 of 1st period - Byron Froese wins face-off versus Andrew Ebbett in neutral zone.
0:06 of 1st period - Peter Harrold is hit by Deryk Engelland and loses puck.
0:54 of 1st period - Minor Penalty to Tom Sestito for Hooking.
0:55 of 1st period - Michael Bournival wins face-off versus Chris Neil in Phantoms zone.
1:05 of 1st period - Slapshot by Alexey Marchenko.
1:05 of 1st period - Shot Blocked by Stephen Johns.
1:19 of 1st period - Wrist shot by Michael Bournival.
1:19 of 1st period - Goal by Michael Bournival - Checkers : 1 - Phantoms : 0.
1:20 of 1st period - Domenic Monardo wins face-off versus Chris Langkow in neutral zone.
1:27 of 1st period - Slapshot by Alexey Marchenko.
1:27 of 1st period - Stopped by Marek Mazanec without a rebound.
1:28 of 1st period - Chris Langkow wins face-off versus Domenic Monardo in Phantoms zone.
2:23 of 1st period - Nathan Longpre is hit by Josh Gratton.
2:27 of 1st period - Wrist shot by Wacey Hamilton.
2:27 of 1st period - Stopped by Marek Mazanec with a rebound.
2:29 of 1st period - Slapshot by Julien Brouillette.
2:29 of 1st period - Shot Blocked by Keegan Lowe.
4:28 of 1st period - Wrist shot by Jason Chimera.
4:28 of 1st period - Stopped by Marek Mazanec with a rebound.
4:46 of 1st period - Peter Harrold is hit by Tom Sestito and loses puck.
5:04 of 1st period - Chris Neil is hit by Domenic Monardo.
5:08 of 1st period - Chris Neil and Triston Grant fight to a draw.
5:08 of 1st period - Penalty to Chris Neil for Fighting.
5:08 of 1st period - Penalty to Triston Grant for Fighting.
5:09 of 1st period - Byron Froese wins face-off versus Josh Gratton in Checkers zone.
5:22 of 1st period - Snap shot by Byron Froese.
5:22 of 1st period - Shot Misses the Net.
5:33 of 1st period - Icing by Ben Chiarot.
5:34 of 1st period - Justin Mercier wins face-off versus Wacey Hamilton in Checkers zone.
5:35 of 1st period - Slapshot by Stephen Johns.
5:35 of 1st period - Deflect By Alexey Marchenko.
5:35 of 1st period - Stopped by Drew MacIntyre without a rebound.
5:36 of 1st period - Justin Mercier wins face-off versus Michael Bournival in Checkers zone.
6:31 of 1st period - Andrew Ebbett is hit by Justin Mercier and loses puck.
7:31 of 1st period - Stephen Johns is hit by Domenic Monardo and loses puck.
7:46 of 1st period - Justin Mercier is hit by Aaron Ness and loses puck.
7:53 of 1st period - Julien Brouillette is hit by Deryk Engelland and loses puck.
8:00 of 1st period - Deryk Engelland is hit by Wacey Hamilton and loses puck.
10:03 of 1st period - Jason Chimera is hit by Greg Zanon and loses puck.
10:10 of 1st period - Snap shot by Nathan Longpre.
10:10 of 1st period - Shot Misses the Net.
10:12 of 1st period - Snap shot by Greg Zanon.
10:12 of 1st period - Stopped by Drew MacIntyre without a rebound.
10:13 of 1st period - Nathan Longpre wins face-off versus Domenic Monardo in Checkers zone.
11:23 of 1st period - Slapshot by Chris Neil.
11:23 of 1st period - Stopped by Drew MacIntyre with a rebound.
13:20 of 1st period - Icing by Ben Chiarot.
13:21 of 1st period - Byron Froese wins face-off versus Domenic Monardo in Checkers zone.
13:22 of 1st period - Slapshot by Chris Neil.
13:22 of 1st period - Stopped by Drew MacIntyre with a rebound.
13:45 of 1st period - Andrew Ebbett is hit by Cody Bass and loses puck.
13:52 of 1st period - Cody Bass is hit by Jim O'Brien and loses puck.
15:21 of 1st period - Snap shot by Denver Manderson.
15:21 of 1st period - Shot Misses the Net.
15:41 of 1st period - Wrist shot by Justin Mercier.
15:41 of 1st period - Shot Blocked by Julien Brouillette.
15:43 of 1st period - Snap shot by Justin Mercier.
15:43 of 1st period - Stopped by Drew MacIntyre with a rebound.
15:45 of 1st period - Slapshot by Martin Gernat.
15:45 of 1st period - Shot Blocked by Michael Bournival.
15:49 of 1st period - Snap shot by Justin Mercier.
15:49 of 1st period - Shot Blocked by Aaron Ness.
16:33 of 1st period - Keegan Lowe is hit by Ben Chiarot and loses puck.
17:27 of 1st period - Alexey Marchenko is hit by Byron Froese and loses puck.
18:50 of 1st period - Backhand shot by Garrett Wilson.
18:50 of 1st period - Stopped by Drew MacIntyre without a rebound.
18:51 of 1st period - Nathan Longpre wins face-off versus Wacey Hamilton in Checkers zone.
18:52 of 1st period - Snap shot by Byron Froese.
18:52 of 1st period - Shot Misses the Net.
18:58 of 1st period - Wrist shot by Byron Froese.
18:58 of 1st period - Stopped by Drew MacIntyre with a rebound.
19:00 of 1st period - Snap shot by Deryk Engelland.
19:00 of 1st period - Stopped by Drew MacIntyre with a rebound.
19:54 of 1st period - Slapshot by Keegan Lowe.
19:54 of 1st period - Shot Blocked by Andrew Ebbett.
19:56 of 1st period - Wrist shot by Chris Langkow.
19:56 of 1st period - Stopped by Drew MacIntyre without a rebound.
19:57 of 1st period - Michael Bournival wins face-off versus Chris Langkow in Checkers zone.
Goals for this period are 1 for Checkers vs 0 for Phantoms.
Shots for this period are 4 for Checkers vs 9 for Phantoms.

2nd period


0:01 of 2nd period - Andrew Ebbett wins face-off versus Byron Froese in neutral zone.
0:13 of 2nd period - Wrist shot by Jason Chimera.
0:13 of 2nd period - Stopped by Marek Mazanec without a rebound.
0:14 of 2nd period - Andrew Ebbett wins face-off versus Byron Froese in Phantoms zone.
0:25 of 2nd period - Wrist shot by Jason Chimera.
0:25 of 2nd period - Deflect By Andrew Ebbett.
0:25 of 2nd period - Shot Misses the Net.
0:25 of 2nd period - Puck is out of play.
0:26 of 2nd period - Chris Langkow wins face-off versus Michael Bournival in Phantoms zone.
0:54 of 2nd period - Wrist shot by Cody Bass.
0:54 of 2nd period - Shot Blocked by Peter Harrold.
0:56 of 2nd period - Slapshot by Greg Zanon.
0:56 of 2nd period - Deflect By Chris Langkow.
0:56 of 2nd period - Shot Blocked by Peter Harrold.
0:56 of 2nd period - Puck is out of play.
0:57 of 2nd period - Andrew Ebbett wins face-off versus Byron Froese in Checkers zone.
1:28 of 2nd period - Wrist shot by Andrew Ebbett.
1:28 of 2nd period - Shot Misses the Net.
1:30 of 2nd period - Snap shot by Andrew Ebbett.
1:30 of 2nd period - Stopped by Marek Mazanec with a rebound.
3:28 of 2nd period - Minor Penalty to Brandon Mashinter for Hooking.
3:29 of 2nd period - Wacey Hamilton wins face-off versus Byron Froese in Checkers zone.
4:08 of 2nd period - Wrist shot by Cody Bass.
4:08 of 2nd period - Stopped by Drew MacIntyre with a rebound.
4:10 of 2nd period - Slapshot by Stephen Johns.
4:10 of 2nd period - Shot Blocked by Petteri Lindbohm.
4:56 of 2nd period - Wacey Hamilton is hit by Deryk Engelland and loses puck.
5:09 of 2nd period - Chris Neil is hit by Willie Coetzee and loses puck.
5:20 of 2nd period - Wrist shot by Byron Froese.
5:20 of 2nd period - Stopped by Drew MacIntyre with a rebound.
5:22 of 2nd period - Slapshot by Byron Froese.
5:22 of 2nd period - Shot Misses the Net.
5:28 of 2nd period - Penalty to Brandon Mashinter is over, Brandon Mashinter is back on ice.
5:44 of 2nd period - Julien Brouillette is hit by Deryk Engelland and loses puck.
6:01 of 2nd period - Snap shot by Justin Mercier.
6:01 of 2nd period - Stopped by Drew MacIntyre without a rebound.
6:02 of 2nd period - Justin Mercier wins face-off versus Jason Chimera in Checkers zone.
7:14 of 2nd period - Michael Bournival is hit by Keegan Lowe and loses puck.
7:37 of 2nd period - Erik Burgdoerfer is hit by Triston Grant and loses puck.
7:45 of 2nd period - Icing by Keegan Lowe.
7:46 of 2nd period - Andrew Ebbett wins face-off versus Chris Langkow in Phantoms zone.
8:33 of 2nd period - Triston Grant beats up Stephen Johns.
8:33 of 2nd period - Penalty to Stephen Johns for Fighting.
8:33 of 2nd period - Penalty to Triston Grant for Fighting.
8:34 of 2nd period - Byron Froese wins face-off versus Michael Bournival in Checkers zone.
8:35 of 2nd period - Snap shot by Garrett Wilson.
8:35 of 2nd period - Stopped by Drew MacIntyre with a rebound.
8:53 of 2nd period - Snap shot by Michael Bournival.
8:53 of 2nd period - Shot Misses the Net.
8:55 of 2nd period - Slapshot by Peter Harrold.
8:55 of 2nd period - Stopped by Marek Mazanec with a rebound.
8:57 of 2nd period - Wrist shot by Brandon Mashinter.
8:57 of 2nd period - Shot Blocked by Jared Nightingale.
8:59 of 2nd period - Wrist shot by Peter Harrold.
8:59 of 2nd period - Shot Misses the Net.
9:01 of 2nd period - Snap shot by Michael Bournival.
9:01 of 2nd period - Deflect By Andrew Gordon.
9:01 of 2nd period - Shot Misses the Net.
9:01 of 2nd period - Puck is out of play.
9:02 of 2nd period - Justin Mercier wins face-off versus Wacey Hamilton in Phantoms zone.
9:02 of 2nd period - Justin Mercier is hit by Wacey Hamilton.
9:38 of 2nd period - Wrist shot by Willie Coetzee.
9:38 of 2nd period - Shot Blocked by Martin Gernat.
9:50 of 2nd period - Slapshot by Andrew Ebbett.
9:50 of 2nd period - Shot Hit the Post.
10:02 of 2nd period - Slapshot by Peter Harrold.
10:02 of 2nd period - Stopped by Marek Mazanec with a rebound.
10:08 of 2nd period - Wrist shot by Garrett Wilson.
10:08 of 2nd period - Shot Blocked by Sean Backman.
10:10 of 2nd period - Wrist shot by Deryk Engelland.
10:10 of 2nd period - Deflect By Peter Harrold.
10:10 of 2nd period - Stopped by Drew MacIntyre with a rebound.
10:18 of 2nd period - Wrist shot by Garrett Wilson.
10:18 of 2nd period - Stopped by Drew MacIntyre with a rebound.
10:20 of 2nd period - Wrist shot by Greg Zanon.
10:20 of 2nd period - Shot Misses the Net.
10:22 of 2nd period - Wrist shot by Nathan Longpre.
10:22 of 2nd period - Shot Blocked by Sean Backman.
10:46 of 2nd period - Jared Nightingale is hit by Andrew Gordon and loses puck.
10:55 of 2nd period - Slapshot by Michael Bournival.
10:55 of 2nd period - Stopped by Marek Mazanec with a rebound.
11:02 of 2nd period - Slapshot by Alexey Marchenko.
11:02 of 2nd period - Deflect By Justin Mercier.
11:02 of 2nd period - Stopped by Marek Mazanec with a rebound.
11:04 of 2nd period - Slapshot by Alexey Marchenko.
11:04 of 2nd period - Goal by Alexey Marchenko - Checkers : 2 - Phantoms : 0.
11:05 of 2nd period - Wacey Hamilton wins face-off versus Byron Froese in neutral zone.
11:10 of 2nd period - Snap shot by Ben Chiarot.
11:10 of 2nd period - Shot Misses the Net.
11:49 of 2nd period - Icing by Petteri Lindbohm.
11:50 of 2nd period - Wacey Hamilton wins face-off versus Chris Langkow in Checkers zone.
12:19 of 2nd period - Slapshot by Peter Harrold.
12:19 of 2nd period - Shot Blocked by Martin Gernat.
12:21 of 2nd period - Wrist shot by Andrew Gordon.
12:21 of 2nd period - Shot Misses the Net.
12:23 of 2nd period - Snap shot by Brandon Mashinter.
12:23 of 2nd period - Shot Misses the Net.
12:49 of 2nd period - Chris Neil is hit by Petteri Lindbohm and loses puck.
13:10 of 2nd period - Nathan Longpre is hit by Jason Chimera.
13:27 of 2nd period - Minor Penalty to Erik Burgdoerfer for Holding Stick.
13:28 of 2nd period - Michael Bournival wins face-off versus Chris Neil in Phantoms zone.
13:33 of 2nd period - Penalty to Stephen Johns is over, Stephen Johns is back on ice.
15:04 of 2nd period - Tom Sestito is hit by Jason Chimera and loses puck.
15:21 of 2nd period - Snap shot by Michael Bournival.
15:21 of 2nd period - Deflect By Andrew Gordon.
15:21 of 2nd period - Stopped by Marek Mazanec with a rebound.
15:23 of 2nd period - Slapshot by Petteri Lindbohm.
15:23 of 2nd period - Goal by Petteri Lindbohm - Checkers : 3 - Phantoms : 0.
15:24 of 2nd period - Chris Langkow wins face-off versus Domenic Monardo in neutral zone.
15:27 of 2nd period - Slapshot by Jared Nightingale.
15:27 of 2nd period - Shot Blocked by Aaron Ness.
15:45 of 2nd period - Snap shot by Julien Brouillette.
15:45 of 2nd period - Shot Blocked by Stephen Johns.
15:59 of 2nd period - Snap shot by Chris Neil.
15:59 of 2nd period - Stopped by Drew MacIntyre with a rebound.
16:01 of 2nd period - Snap shot by Mitch Moroz.
16:01 of 2nd period - Shot Misses the Net.
16:31 of 2nd period - Slapshot by Alexey Marchenko.
16:31 of 2nd period - Shot Misses the Net.
16:33 of 2nd period - Snap shot by Josh Gratton.
16:33 of 2nd period - Stopped by Marek Mazanec without a rebound.
16:34 of 2nd period - Wacey Hamilton wins face-off versus Chris Langkow in Phantoms zone.
16:37 of 2nd period - Slapshot by Willie Coetzee.
16:37 of 2nd period - Deflect By Deryk Engelland.
16:37 of 2nd period - Stopped by Marek Mazanec with a rebound.
16:39 of 2nd period - Slapshot by Willie Coetzee.
16:39 of 2nd period - Stopped by Marek Mazanec with a rebound.
16:41 of 2nd period - Slapshot by Alexey Marchenko.
16:41 of 2nd period - Stopped by Marek Mazanec with a rebound.
17:42 of 2nd period - Snap shot by Jason Chimera.
17:42 of 2nd period - Stopped by Marek Mazanec without a rebound.
17:43 of 2nd period - Michael Bournival wins face-off versus Chris Langkow in Phantoms zone.
17:56 of 2nd period - Brandon Mashinter is hit by Erik Burgdoerfer and loses puck.
18:01 of 2nd period - Slapshot by Keegan Lowe.
18:01 of 2nd period - Shot Misses the Net.
18:15 of 2nd period - Snap shot by Byron Froese.
18:15 of 2nd period - Shot Blocked by Andrew Gordon.
18:17 of 2nd period - Snap shot by Garrett Wilson.
18:17 of 2nd period - Goal by Garrett Wilson - Checkers : 3 - Phantoms : 1.
18:18 of 2nd period - Byron Froese wins face-off versus Andrew Ebbett in neutral zone.
18:47 of 2nd period - Wrist shot by Cody Bass.
18:47 of 2nd period - Stopped by Drew MacIntyre without a rebound.
18:48 of 2nd period - Michael Bournival wins face-off versus Chris Langkow in Checkers zone.
19:13 of 2nd period - Snap shot by Deryk Engelland.
19:13 of 2nd period - Stopped by Drew MacIntyre with a rebound.
19:15 of 2nd period - Slapshot by Deryk Engelland.
19:15 of 2nd period - Shot Blocked by Ben Chiarot.
19:17 of 2nd period - Wrist shot by Chris Neil.
19:17 of 2nd period - Stopped by Drew MacIntyre with a rebound.
19:19 of 2nd period - Slapshot by Deryk Engelland.
19:19 of 2nd period - Shot Misses the Net.
19:21 of 2nd period - Wrist shot by Justin Mercier.
19:21 of 2nd period - Shot Blocked by Ben Chiarot.
19:41 of 2nd period - Slapshot by Garrett Wilson.
19:41 of 2nd period - Shot Misses the Net.
19:43 of 2nd period - Snap shot by Nathan Longpre.
19:43 of 2nd period - Stopped by Drew MacIntyre with a rebound.
19:45 of 2nd period - Slapshot by Garrett Wilson.
19:45 of 2nd period - Deflect By Michael Bournival.
19:45 of 2nd period - Shot Blocked by Andrew Gordon.
19:45 of 2nd period - Puck is out of play.
19:46 of 2nd period - Chris Langkow wins face-off versus Andrew Ebbett in Checkers zone.
19:49 of 2nd period - Slapshot by Cody Bass.
19:49 of 2nd period - Shot Misses the Net.
19:51 of 2nd period - Minor Penalty to Petteri Lindbohm for Interference.
19:52 of 2nd period - Chris Langkow wins face-off versus Domenic Monardo in Checkers zone.
Goals for this period are 2 for Checkers vs 1 for Phantoms.
Shots for this period are 14 for Checkers vs 12 for Phantoms.

3rd period


0:01 of 3rd period - Byron Froese wins face-off versus Domenic Monardo in neutral zone.
0:06 of 3rd period - Wrist shot by Byron Froese.
0:06 of 3rd period - Shot Misses the Net.
1:08 of 3rd period - Ben Chiarot is hit by Deryk Engelland and loses puck.
1:17 of 3rd period - Snap shot by Stephen Johns.
1:17 of 3rd period - Stopped by Drew MacIntyre with a rebound.
1:51 of 3rd period - Penalty to Petteri Lindbohm is over, Petteri Lindbohm is back on ice.
1:59 of 3rd period - Willie Coetzee is hit by Tom Sestito and loses puck.
2:44 of 3rd period - Snap shot by Andrew Ebbett.
2:44 of 3rd period - Shot Misses the Net.
2:46 of 3rd period - Snap shot by Jason Chimera.
2:46 of 3rd period - Stopped by Marek Mazanec with a rebound.
2:48 of 3rd period - Slapshot by Aaron Ness.
2:48 of 3rd period - Stopped by Marek Mazanec with a rebound.
2:50 of 3rd period - Snap shot by Jason Chimera.
2:50 of 3rd period - Shot Blocked by Erik Burgdoerfer.
4:21 of 3rd period - Snap shot by Jason Chimera.
4:21 of 3rd period - Deflect By Andrew Ebbett.
4:21 of 3rd period - Shot Blocked by Stephen Johns.
4:21 of 3rd period - Puck is out of play.
4:22 of 3rd period - Andrew Ebbett wins face-off versus Chris Langkow in Phantoms zone.
4:23 of 3rd period - Slapshot by Jason Chimera.
4:23 of 3rd period - Shot Misses the Net.
4:25 of 3rd period - Slapshot by Jason Chimera.
4:25 of 3rd period - Shot Misses the Net.
4:40 of 3rd period - Off-side.
4:41 of 3rd period - Wacey Hamilton wins face-off versus Chris Langkow in neutral zone.
4:48 of 3rd period - Snap shot by Cody Bass.
4:48 of 3rd period - Stopped by Drew MacIntyre with a rebound.
5:12 of 3rd period - Minor Penalty to Chris Neil for Hooking.
5:13 of 3rd period - Justin Mercier wins face-off versus Michael Bournival in Phantoms zone.
5:30 of 3rd period - Wrist shot by Peter Harrold.
5:30 of 3rd period - Deflect By Deryk Engelland.
5:30 of 3rd period - Goal by Peter Harrold - Checkers : 4 - Phantoms : 1.
5:31 of 3rd period - Domenic Monardo wins face-off versus Chris Langkow in neutral zone.
5:34 of 3rd period - Stephen Johns is hit by Aaron Ness.
5:46 of 3rd period - Snap shot by Tom Sestito.
5:46 of 3rd period - Stopped by Drew MacIntyre with a rebound.
5:48 of 3rd period - Wrist shot by Chris Langkow.
5:48 of 3rd period - Shot Misses the Net.
6:02 of 3rd period - Snap shot by Domenic Monardo.
6:02 of 3rd period - Deflect By Sean Backman.
6:02 of 3rd period - Shot Blocked by Stephen Johns.
6:02 of 3rd period - Puck is out of play.
6:03 of 3rd period - Byron Froese wins face-off versus Jim O'Brien in Phantoms zone.
6:03 of 3rd period - Byron Froese is hit by Alexey Marchenko.
7:14 of 3rd period - Stephen Johns is hit by Brandon Mashinter and loses puck.
8:15 of 3rd period - Minor Penalty to Petteri Lindbohm for Interference.
8:16 of 3rd period - Wacey Hamilton wins face-off versus Chris Langkow in Checkers zone.
8:29 of 3rd period - Wrist shot by Tom Sestito.
8:29 of 3rd period - Stopped by Drew MacIntyre with a rebound.
8:35 of 3rd period - Backhand shot by Stephen Johns.
8:35 of 3rd period - Deflect By Cody Bass.
8:35 of 3rd period - Deflect By Willie Coetzee.
8:35 of 3rd period - Stopped by Drew MacIntyre without a rebound.
8:36 of 3rd period - Willie Coetzee wins face-off versus Chris Langkow in Checkers zone.
9:42 of 3rd period - Slapshot by Chris Neil.
9:42 of 3rd period - Deflect By Byron Froese.
9:42 of 3rd period - Shot Misses the Net.
9:42 of 3rd period - Puck is out of play.
9:43 of 3rd period - Byron Froese wins face-off versus Domenic Monardo in Checkers zone.
9:50 of 3rd period - Slapshot by Byron Froese.
9:50 of 3rd period - Stopped by Drew MacIntyre without a rebound.
9:51 of 3rd period - Byron Froese wins face-off versus Domenic Monardo in Checkers zone.
10:15 of 3rd period - Penalty to Petteri Lindbohm is over, Petteri Lindbohm is back on ice.
10:21 of 3rd period - Peter Harrold is hit by Cody Bass and loses puck.
10:41 of 3rd period - Off-side.
10:42 of 3rd period - Justin Mercier wins face-off versus Andrew Ebbett in neutral zone.
10:58 of 3rd period - Nathan Longpre is hit by Aaron Ness.
11:04 of 3rd period - Snap shot by Byron Froese.
11:04 of 3rd period - Shot Misses the Net.
11:18 of 3rd period - Snap shot by Garrett Wilson.
11:18 of 3rd period - Stopped by Drew MacIntyre without a rebound.
11:19 of 3rd period - Michael Bournival wins face-off versus Justin Mercier in Checkers zone.
11:38 of 3rd period - Snap shot by Michael Bournival.
11:38 of 3rd period - Stopped by Marek Mazanec with a rebound.
11:40 of 3rd period - Snap shot by Brandon Mashinter.
11:40 of 3rd period - Deflect By Andrew Gordon.
11:40 of 3rd period - Shot Blocked by Justin Mercier.
11:40 of 3rd period - Puck is out of play.
11:41 of 3rd period - Wacey Hamilton wins face-off versus Chris Langkow in Phantoms zone.
12:25 of 3rd period - Triston Grant is hit by Nathan Longpre and loses puck.
12:52 of 3rd period - Slapshot by Petteri Lindbohm.
12:52 of 3rd period - Shot Blocked by Garrett Wilson.
13:39 of 3rd period - Deryk Engelland is hit by Andrew Ebbett and loses puck.
14:12 of 3rd period - Wrist shot by Michael Bournival.
14:12 of 3rd period - Deflect By Deryk Engelland.
14:12 of 3rd period - Shot Blocked by Tom Sestito.
14:12 of 3rd period - Puck is out of play.
14:13 of 3rd period - Wacey Hamilton wins face-off versus Justin Mercier in Phantoms zone.
14:44 of 3rd period - Slapshot by Alexey Marchenko.
14:44 of 3rd period - Shot Misses the Net.
14:46 of 3rd period - Snap shot by Willie Coetzee.
14:46 of 3rd period - Shot Misses the Net.
14:50 of 3rd period - Slapshot by Alexey Marchenko.
14:50 of 3rd period - Stopped by Marek Mazanec with a rebound.
15:15 of 3rd period - Slapshot by Cody Bass.
15:15 of 3rd period - Stopped by Drew MacIntyre with a rebound.
15:39 of 3rd period - Julien Brouillette is hit by Nathan Longpre and loses puck.
16:26 of 3rd period - Slapshot by Garrett Wilson.
16:26 of 3rd period - Stopped by Drew MacIntyre with a rebound.
16:38 of 3rd period - Julien Brouillette is hit by Mitch Moroz.
16:42 of 3rd period - Brandon Mashinter is hit by Keegan Lowe.
18:05 of 3rd period - Slapshot by Petteri Lindbohm.
18:05 of 3rd period - Stopped by Marek Mazanec with a rebound.
18:23 of 3rd period - Backhand shot by Petteri Lindbohm.
18:23 of 3rd period - Stopped by Marek Mazanec with a rebound.
18:25 of 3rd period - Slapshot by Julien Brouillette.
18:25 of 3rd period - Shot Misses the Net.
18:27 of 3rd period - Slapshot by Aaron Ness.
18:27 of 3rd period - Stopped by Marek Mazanec with a rebound.
18:59 of 3rd period - Aaron Ness is hit by Tom Sestito and loses puck.
19:54 of 3rd period - Icing by Denver Manderson.
19:55 of 3rd period - Michael Bournival wins face-off versus Chris Langkow in Phantoms zone.
Goals for this period are 1 for Checkers vs 0 for Phantoms.
Shots for this period are 8 for Checkers vs 9 for Phantoms.